AoeStats
← Kaiser Ze

Arabia

508874380Analyzed
1v1 RM · 9d ago on Sep 24, 2026· 21m 53s· 2 players
Game mode
Random Map
Map size
Tiny (2 player)
Population
200
Speed
Normal
Resources
Standard
Victory
Conquest
Starting age
Dark Age
Ending age
Imperial Age
RankedLock teamsTeams togetherTeam positionsShared explorationLock speedFull tech treeHidden civsTurbo modeCheats
Victory
Defeat
🇹🇼 Saxons · Taiwan
1309
+18
🇨🇳 Danes · China
1352
-18
我佛了
8:19 Loom
10:18 Feudal Age
14:56 Castle Age
14:40 Scale Mail Armor
Kaiser Ze
6:51 Loom
9:42 Feudal Age
9:46 Man-at-Arms
11:02 Arson
11:57 Double-Bit Axe
18:39 Fletching
20:43 Padded Archer Armor
24:27 Castle Age
Connection lost

Rejoining the realm…

Still unreachable

The connection could not be restored.

Session expired

The server has moved on; the page needs a fresh start.